 Dungeon Crawl Stone Soup version 0.20-a0-303-g575bbf7 (webtiles) character file.

14076 PurpleRed the Martial Artist (level 11, -5/82 (83) HPs)
             Began as a Demonspawn Transmuter on Dec 17, 2016.
             Was a High Priest of Okawaru.
             Slain by an unseen horror (6 damage)
             ... on level 11 of the Dungeon.
             The game lasted 00:47:15 (12391 turns).

PurpleRed the Martial Artist (DsTm)                Turns: 12391, Time: 00:47:16

HP:   -5/82 (83)    AC:  9    Str: 12    XL:     11   Next: 84%
MP:   15/15         EV: 15    Int: 14    God:    Okawaru [*****.]
Gold: 828           SH:  0    Dex: 19    Spells: 4/14 levels left

rFire  . . .     SeeInvis .       - Unarmed
rCold  . . .     Gourm    .     v - +2 leather armour {rPois}
rNeg   . . .     Faith    .     (shield currently unavailable)
rPois  +         Spirit   .     (no helmet)
rElec  .         Reflect  .     I - +0 cloak
rCorr  .         Harm     .     (gloves currently unavailable)
MR     .....                    (no boots)
Stlth  ++........               (no amulet)
                                e - +3 ring of dexterity
                                h - +4 ring of slaying

@: confused, blade hands (expiring)
A: talons 2, slimy green scales 2, nightstalker 1, powered by death 1
a: End Transformation, Heroism, Finesse, Renounce Religion


You were on level 11 of the Dungeon.
You worshipped Okawaru.
Okawaru was extremely pleased with you.
You were hungry.
You had blades for hands.
You visited 2 branches of the dungeon, and saw 12 of its levels.

You collected 828 gold pieces.

Inventory:

Missiles
 a - 71 arrows
 q - 34 bolts
Armour
 i - a +0 helmet
 v - a +2 leather armour of poison resistance (worn)
 I - a +0 cloak (worn)
Jewellery
 e - a +3 ring of dexterity (right scythe-like blade)
 h - a +4 ring of slaying (left scythe-like blade)
 D - an uncursed ring of magical power
Wands
 k - a wand of lightning (5/15)
 m - a wand of hasting (3/9)
 B - a wand of lightning (1/15)
Scrolls
 f - a scroll of recharging
 j - 2 scrolls of remove curse
 r - 5 scrolls of blinking
 w - 3 scrolls of identify
 x - 6 scrolls of magic mapping
 A - 3 scrolls of teleportation
 E - 3 scrolls of silence
Potions
 b - a potion of haste
 l - 2 potions of lignification
 n - 2 potions of brilliance
 o - 2 potions of invisibility
 p - 2 potions of curing
 t - 3 potions of magic
 u - a potion of cancellation
 F - a potion of berserk rage
Books
 c - a book of Changes

   Spells                             Type                      Level
   a - Beastly Appendage              Transmutation                1
   b - Sticks to Snakes               Transmutation                2
   c - Spider Form                    Transmutation/Poison         3
   d - Ice Form                       Ice/Transmutation            4
   e - Blade Hands                    Transmutation                5
 y - a book of Air

   Spells                             Type                      Level
   a - Shock                          Conjuration/Air              1
   b - Swiftness                      Charms/Air                   2
   c - Repel Missiles                 Charms/Air                   2
   d - Static Discharge               Conjuration/Air              3
   e - Lightning Bolt                 Conjuration/Air              5
 G - a book of Maledictions

   Spells                             Type                      Level
   a - Corona                         Hexes                        1
   b - Ensorcelled Hibernation        Hexes/Ice                    2
   c - Confuse                        Hexes                        3
   d - Tukima's Dance                 Hexes                        3
   e - Dazzling Spray                 Conjuration/Hexes            3
 H - a book of Battle

   Spells                             Type                      Level
   a - Infusion                       Charms                       1
   b - Shroud of Golubria             Charms/Translocation         2
   c - Song of Slaying                Charms                       2
   d - Spectral Weapon                Hexes/Charms                 3
   e - Regeneration                   Charms/Necromancy            3
Comestibles
 d - 8 bread rations
 g - 4 beef jerkies
 s - 3 meat rations
 C - 8 chunks of flesh


   Skills:
 + Level 6.8 Fighting
 - Level 4.7 Dodging
 * Level 11.8 Unarmed Combat
 - Level 2.0 Spellcasting
 + Level 10.2 Transmutations
 - Level 5.8 Invocations


You had 4 spell levels left.
You knew the following spells:

 Your Spells              Type           Power        Failure   Level  Hunger
a - Beastly Appendage     Tmut           ####..       12%         1    ##.....
b - Sticks to Snakes      Tmut           ####....     14%         2    ###....
c - Blade Hands           Tmut           ####......   54%         5    ######.
d - Repel Missiles        Chrm/Air       #.....       85%         2    ###....


Dungeon Overview and Level Annotations

Branches:
Dungeon (11/15)            Temple (1/1) D:6            Lair (0/6) D:11
    Orc (0/2) D:9

Altars:
Ashenzari
Cheibriados
Dithmenos
Elyvilon
Fedhas
Gozag
Hepliaklqana
Kikubaaqudgha
Makhleb
Nemelex Xobeh
Okawaru
Qazlal
Ru
Sif Muna
Trog
Uskayaw
Vehumet
Xom
Yredelemnul
Zin
The Shining One

Shops:
D:9 [

Annotations:
D:10 exclusion: orange crystal statue


Innate Abilities, Weirdness & Mutations

You have razor-sharp toenails.
You are mostly covered in slimy green scales. (AC +3)
You are slightly more attuned to the shadows.
You regenerate a little health from kills.


Message History

Something hits you. Something closely misses you.
You slice something!! Something hits you.
You closely miss something. Something hits you.
* * * LOW HITPOINT WARNING * * *
You swing at nothing.
Something hits you.
* * * LOW HITPOINT WARNING * * *
You hit something. You claw something. Something barely misses you.
You swing at nothing.
You barely miss something. Your kick misses something.
Something hits you but does no damage. Something hits you!
* * * LOW HITPOINT WARNING * * *
You barely miss something. You claw something. Something hits you.
* * * LOW HITPOINT WARNING * * *
Something hits you.
* * * LOW HITPOINT WARNING * * *
You are confused.
You feel invigorated. Something hits you.
* * * LOW HITPOINT WARNING * * *
Something hits you.
You die...

##........
#........# # #
##>.....#. .#.
#......... #
#.##.##....... #. ##
###..######....#
#.#.
#.#.....#.....#.
#..##..........#..##
#@.$.........###>#
#..###............##
#.. #....#.........
#... #####.†.(......
#.... #.#.......#
##... ###†...<...
.#.. #.........
#.#.......#
#.#........#


There were no monsters in sight!

Vanquished Creatures
  A fire dragon (D:9)
  2 two-headed ogres
  The ghost of smazza the Arsonist, a journeyman HuFE of Sif Muna (D:11)
  The ghost of Oroborous the Summoner, a novice DsWz of Sif Muna (D:9)
  An unseen horror (D:10)
  The ghost of PurpleRed the Chiller, a novice DsIE of Vehumet (D:7)
  Pikel (D:4)
  An ugly thing (D:11)
  A gargoyle (D:10)
  3 hippogriffs (D:10)
  Sigmund (D:6)
  A spriggan (D:10)
  Eustachio (D:5)
  A wyvern (D:9)
  A hungry ghost (D:8)
  11 yaks
  Menkaure (D:4)
  2 porcupines (D:11)
  10 sky beasts
  4 orc warriors
  6 ice beasts
  A phantom (D:10)
  2 black bears (D:11)
  A necrophage (D:6)
  2 ogres
  A centaur (D:11)
  2 crocodiles
  3 big kobolds
  9 bullfrogs
  6 scorpions
  A howler monkey (D:7)
  5 crimson imps
  A lava snake (D:9)
  2 bullfrog zombies
  2 centaur zombies
  3 quasits
  3 hounds
  14 orc wizards
  4 orc priests
  A jelly (D:10)
  4 bullfrog skeletons
  2 centaur skeletons
  3 iguanas
  9 worker ants
  2 hound zombies
  A hound skeleton (D:4)
  3 worker ant zombies
  3 gnolls (D:2)
  2 howler monkey zombies
  A howler monkey skeleton (D:10)
  8 adders
  2 shadow imps
  3 oozes
  An adder zombie (D:8)
  6 leopard geckos
  40 orcs
  8 giant cockroaches
  8 goblins
  13 hobgoblins
  10 jackals
  17 kobolds
  A quokka (D:6)
  A ball python (D:4)
  4 bats
  4 frilled lizards
  A jackal skeleton (D:5)
  2 leopard gecko skeletons (D:5)
  A quokka zombie (D:7)
  5 rats
280 creatures vanquished.

Vanquished Creatures (collateral kills)
  Blork the orc (D:4)
  A gnoll (D:2)
2 creatures vanquished.

Vanquished Creatures (others)
  2 slaves (D:4)
  An orc priest (D:4)
  A hound (D:4)
  A jackal (D:4)
  A fungus (D:11)
6 creatures vanquished.

Grand Total: 288 creatures vanquished

Notes
Turn   | Place    | Note
-------+----------+-------------------------------------------
     0 | D:1      | PurpleRed the Demonspawn Transmuter began the quest for the Orb.
     0 | D:1      | Reached XP level 1. HP: 15/15 MP: 3/3
   126 | D:1      | Reached skill level 3 in Unarmed Combat
   177 | D:1      | Gained mutation: You are slightly more attuned to the shadows. [demonic ancestry]
   177 | D:1      | Reached XP level 2. HP: 17/21 MP: 5/5
   778 | D:2      | Gained mutation: You have sharp toenails. [demonic ancestry]
   778 | D:2      | Reached XP level 3. HP: 23/26 MP: 6/6
  1689 | D:2      | Reached skill level 4 in Unarmed Combat
  1735 | D:2      | Reached XP level 4. HP: 12/32 MP: 7/7
  1911 | D:2      | Learned a level 2 spell: Sticks to Snakes
  2733 | D:3      | Gained mutation: You are partially covered in slimy green scales. (AC +2) [demonic ancestry]
  2733 | D:3      | Reached XP level 5. HP: 34/37 MP: 8/8
  3276 | D:3      | Reached skill level 5 in Unarmed Combat
  3334 | D:4      | Learned a level 5 spell: Blade Hands
  3470 | D:4      | Gained mutation: You are mostly covered in slimy green scales. (AC +3) [demonic ancestry]
  3470 | D:4      | Reached XP level 6. HP: 26/43 MP: 9/9
  3689 | D:4      | Noticed Menkaure
  3700 | D:4      | Killed Menkaure
  4110 | D:4      | Noticed a slave
  4113 | D:4      | Noticed Pikel
  4123 | D:4      | Reached XP level 7. HP: 47/51 MP: 10/10
  4137 | D:4      | Killed Pikel
  4137 | D:4      | Reached skill level 6 in Unarmed Combat
  4253 | D:4      | Noticed Blork the orc
  4266 | D:4      | Killed Blork the orc
  4266 | D:4      | Reached XP level 8. HP: 50/59 MP: 4/11
  4460 | D:4      | Found a deep blue altar of Sif Muna.
  4615 | D:5      | Entered Level 5 of the Dungeon
  4625 | D:5      | Found a hazy altar of Hepliaklqana.
  4779 | D:5      | Reached skill level 7 in Unarmed Combat
  4843 | D:5      | Noticed Eustachio
  4861 | D:5      | Killed Eustachio
  4861 | D:5      | Reached skill level 5 in Transmutations
  5422 | D:6      | Found a staircase to the Ecumenical Temple.
  5430 | Temple   | Entered the Ecumenical Temple
  5568 | Temple   | Became a worshipper of Warmaster Okawaru
  5915 | D:6      | Reached skill level 8 in Unarmed Combat
  6068 | D:6      | Reached skill level 5 in Fighting
  6164 | D:6      | Reached * piety under Okawaru
  6221 | D:6      | Reached XP level 9. HP: 65/67 MP: 12/12
  6438 | D:6      | Noticed Sigmund
  6456 | D:6      | Killed Sigmund
  6579 | D:7      | Learned a level 2 spell: Repel Missiles
  6711 | D:7      | Noticed PurpleRed's ghost (novice DsIE)
  6728 | D:7      | Killed PurpleRed's ghost
  6728 | D:7      | Reached ** piety under Okawaru
  6728 | D:7      | Reached skill level 9 in Unarmed Combat
  7395 | D:7      | Reached *** piety under Okawaru
  7515 | D:8      | Reached skill level 10 in Unarmed Combat
  7645 | D:8      | Gained mutation: You regenerate a little health from kills. [demonic ancestry]
  7645 | D:8      | Reached XP level 10. HP: 74/75 MP: 13/13
  8201 | D:8      | Noticed a two-headed ogre
  8214 | D:8      | Killed a two-headed ogre
  8339 | D:8      | You fall through a shaft for 2 floors!
  8339 | D:10     | Entered Level 10 of the Dungeon
  8422 | D:9      | Found a staircase to the Orcish Mines.
  8922 | D:9      | Found Hemurasho's Armour Emporium.
  9038 | D:9      | Reached **** piety under Okawaru
  9059 | D:9      | Noticed Oroborous's ghost (novice DsWz)
  9385 | D:9      | Killed Oroborous's ghost
  9569 | D:9      | Reached skill level 11 in Unarmed Combat
  9860 | D:9      | Noticed a fire dragon
 10352 | D:9      | Killed a fire dragon
 10352 | D:9      | Reached ***** piety under Okawaru
 10352 | D:9      | Gained mutation: You have razor-sharp toenails. [demonic ancestry]
 10352 | D:9      | Reached XP level 11. HP: 69/80 MP: 1/14
 10518 | D:10     | Reached skill level 1 in Invocations
 10731 | D:10     | Noticed an orange crystal statue
 11099 | D:10     | Killed an unseen horror
 11291 | D:10     | Got a faintly glowing hand crossbow
 11495 | D:10     | Noticed a two-headed ogre
 11509 | D:10     | Killed a two-headed ogre
 11519 | D:10     | Received a gift from Okawaru
 11519 | D:10     | Reached skill level 5 in Invocations
 11532 | D:10     | Identified the cursed +1 hand crossbow "Guhurphem" {flame, Int+3 Dex+3 Stlth+} (You found it on level 10 of the Dungeon)
 11801 | D:11     | Noticed smazza's ghost (journeyman HuFE)
 11943 | D:11     | Killed smazza's ghost
 11943 | D:11     | Reached skill level 10 in Transmutations
 12012 | D:11     | Found a staircase to the Lair.
 12328 | D:11     | Noticed a red ugly thing
 12337 | D:11     | Killed a red ugly thing
 12390 | D:11     | HP: 3/82 [something (6)]
 12391 | D:11     | HP: 1/82 [something (6)]
 12391 | D:11     | Slain by an unseen horror

Vault maps used:
D:1:      dpeg_arrival_simpleton_c
D:3:      first_bread
D:4:      led_sif_pool, uniq_pikel, uniq_menkaure, uniq_blork_the_orc
D:5:      lemuel_round_altar, uniq_eustachio
D:6:      uniq_sigmund
D:9:      dragon1_lemuel, orc_0_dummy, serial_shops, shop
D:10:     minmay_quarter_circles, roderic_digamma_sauvastika, the_bakery,
          minmay_statue_bubble
D:11:     grunt_lair_entry_orc_guard_hut
Temple:   regret_index_temple_chain_breaker

Skill      XL: |  1  2  3  4  5  6  7  8  9 10 11 |
---------------+----------------------------------+-----
Unarmed Combat | 3 4 5 6 8 10 11 | 11.8
Transmutations | 2 3 4 5 6 8 10 | 10.2
Fighting       | 2 3 5 6 |  6.8
Dodging        | 2 4 |  4.7
Invocations    | 5 |  5.8
Spellcasting   | |  2.0

Action                   |  1- 3 |  4- 6 |  7- 9 | 10-12 || total
-------------------------+-------+-------+-------+-------++-------
Melee: Unarmed           |   135 |   219 |   253 |   403 ||  1010
       Kick              |    11 |    56 |    76 |   152 ||   295
       Punch             |     2 |     3 |    12 |    19 ||    36
       Headbutt          |     8 |    27 |    51 |    65 ||   151
 Cast: Beastly Appendage |    15 |    29 |    45 |    50 ||   139
       Sticks to Snakes  |       |     2 |    12 |     3 ||    17
       Repel Missiles    |       |       |     1 |     1 ||     2
       Blade Hands       |       |       |       |     7 ||     7
Invok: Heroism           |       |       |     1 |     6 ||     7
Evoke: Wand              |       |       |       |     1 ||     1
  Use: Potion            |       |     2 |       |     2 ||     4
       Scroll            |       |     8 |    10 |    11 ||    29
 Stab: Sleeping          |     4 |     1 |     3 |     2 ||    10
       Distracted        |       |       |     1 |     1 ||     2
       Invisible         |       |       |       |     3 ||     3
  Eat: Chunk             |     3 |     8 |    12 |    16 ||    39
       Fruit             |       |     1 |       |     1 ||     2
       Royal jelly       |       |       |     1 |     1 ||     2
       Pizza             |       |       |       |     1 ||     1
Armor: Robe              |     3 |       |       |       ||     3
       Ring mail         |    35 |    75 |    17 |       ||   127
       Leather armour    |       |       |    60 |    95 ||   155
Dodge: Dodged            |    56 |    80 |   104 |   260 ||   500
       Deflected         |       |       |     1 |     3 ||     4
